Boston Bruins vs Montreal Canadiens
Created - Tuesday, March 11, 2025 at 08:50
Goals
|
| Boston Bruins |
1 |
1 |
1 |
3 |
| Montreal Canadiens |
1 |
0 |
0 |
1 |
|
Shots
|
| Boston Bruins |
9 |
13 |
13 |
35 |
| Montreal Canadiens |
13 |
18 |
7 |
38 |
|
1st period
1. Montreal Canadiens , Martin Necas 12 (Dylan Larkin 17) at 3:57 (PP)
2. Boston Bruins , Ryan Strome 5 (Joel Farabee 17, Connor Clifton 7) at 14:41
Penalties :
Anders Lee (BOS) for Delaying the game (Minor) at 3:39, Eetu Luostarinen (BOS) for Holding (Minor) at 4:42, Evander Kane (BOS) for Slashing (Minor) at 12:30, Brady Skjei (MTL) for High sticking (Minor) at 14:46, Ilya Lyubushkin (MTL) for Hooking (Minor) at 18:09
2nd period
3. Boston Bruins , Vincent Trocheck 10 (Ryan Strome 7) at 18:53
Penalties :
Joel Farabee (BOS) for Tripping (Minor) at 9:26
3rd period
4. Boston Bruins , Alex Newhook 7 (Torey Krug 8) at 9:04
Penalties :
John Ludvig (BOS) for Tripping (Minor) at 5:38, Martin Necas (MTL) for High sticking (Minor) at 10:49, Evander Kane (BOS) for Tripping (Minor) at 17:51
Goalie Stats
Petr Mrazek (BOS), 37 saves from 38 shots - (0.974), W, 9-5-0, 60:00 minutes
Calle Clang (MTL), 32 saves from 35 shots - (0.914), L, 4-2-0, 60:00 minutes
Players Stats for Boston Bruins
Player Name G A P +/- PIM S H SB GA TA FO MP PP MP PK MP
------------------------------------------------------------------------------------
Alex Newhook 1 0 1 2 0 8 0 0 0 0 1/2 16:14 3:01 0:39
Anders Lee 0 0 0 0 2 1 0 0 0 0 0/0 10:51 0:00 0:00
Andrew Copp 0 0 0 0 0 2 3 1 0 0 13/19 20:12 2:56 5:11
Angus Crookshank 0 0 0 0 0 0 2 0 0 0 0/0 7:31 0:00 0:00
Connor Clifton 0 1 1 1 0 1 1 0 0 2 0/0 21:32 3:04 5:18
Eetu Luostarinen 0 0 0 0 2 1 0 0 0 1 0/0 7:41 0:00 0:08
Evander Kane 0 0 0 1 4 1 2 1 0 0 0/0 15:13 2:56 0:00
Joel Farabee 0 1 1 1 2 5 0 0 2 1 0/0 19:50 2:56 4:02
John Ludvig 0 0 0 1 2 0 0 3 0 0 0/0 13:30 0:00 0:35
John-Jason Peterka 0 0 0 0 0 2 0 0 0 0 1/1 7:31 0:00 0:00
Matthew Beniers 0 0 0 0 0 2 2 0 0 0 5/9 11:11 0:00 0:00
Morgan Geekie 0 0 0 0 0 2 0 0 0 0 1/1 11:55 0:00 0:41
Ryan Lindgren 0 0 0 1 0 1 1 3 0 0 0/0 24:57 2:53 4:20
Ryan Strome 1 1 2 3 0 3 3 0 1 0 3/5 21:04 3:01 4:54
Torey Krug 0 1 1 1 0 2 2 0 2 0 0/0 25:45 2:53 4:59
Ty Emberson 0 0 0 1 0 0 0 2 0 0 0/0 21:19 3:04 5:14
Vincent Trocheck 1 0 1 2 0 3 1 0 0 0 15/27 20:29 3:01 4:51
Yegor Zamula 0 0 0 1 0 1 1 0 0 0 0/0 12:56 0:00 0:00
Players Stats for Montreal Canadiens
Player Name G A P +/- PIM S H SB GA TA FO MP PP MP PK MP
------------------------------------------------------------------------------------
Adam Fox 0 0 0 -2 0 4 2 1 0 1 0/0 26:09 5:01 3:38
Alex Iafallo 0 0 0 0 0 1 2 0 0 0 0/0 9:38 0:03 2:57
Andreas Athanasiou 0 0 0 0 0 0 1 0 0 0 0/1 6:24 0:00 0:00
Brady Skjei 0 0 0 -2 2 2 3 3 0 0 0/0 25:54 5:12 2:08
Damon Severson 0 0 0 0 0 2 0 1 0 1 0/0 22:14 5:12 2:19
Dylan Larkin 0 1 1 -1 0 2 0 0 0 0 10/20 18:39 5:17 0:00
Ethen Frank 0 0 0 0 0 0 0 0 0 0 0/1 6:24 0:00 0:00
Evgeni Dadonov 0 0 0 -1 0 4 0 0 1 0 0/1 9:41 0:03 0:10
Ilya Lyubushkin 0 0 0 -1 2 0 1 0 0 0 0/0 12:29 0:00 0:00
Jack Johnson 0 0 0 -1 0 1 1 1 0 0 0/0 12:21 0:00 1:06
Jake Evans 0 0 0 -1 0 2 3 0 1 0 2/4 13:27 0:00 2:50
Juraj Slafkovsky 0 0 0 -1 0 1 3 0 0 0 0/1 18:34 5:17 0:00
Justin Faulk 0 0 0 0 0 1 1 0 0 0 0/0 21:47 5:01 2:43
Martin Necas 1 0 1 -1 2 6 0 0 1 1 0/0 19:05 5:17 0:00
Patrik Laine 0 0 0 -1 0 4 0 0 0 1 0/0 18:27 4:53 0:10
Ryan Poehling 0 0 0 -1 0 0 0 0 0 0 1/9 12:17 0:03 2:57
Teddy Blueger 0 0 0 -1 0 3 2 1 1 0 12/26 22:22 4:53 2:50
Vladimir Tarasenko 0 0 0 -1 0 5 0 0 0 1 0/1 18:08 4:53 0:00
3 Stars
1 - Petr Mrazek (BOS)
2 - Ryan Strome (BOS)
3 - Vincent Trocheck (BOS)
Power Play
Boston Bruins - 0 on 3 Attempt(s) - 0.00%
Montreal Canadiens - 1 on 6 Attempt(s) - 16.67%
Penalty Kill
Boston Bruins - 5 on 6 Attempt(s) - 83.33%
- Score 0 goal in Penalty Kill
Montreal Canadiens - 3 on 3 Attempt(s) - 100.00%
- Score 0 goal in Penalty Kill
Team Stat
Boston Bruins - Hits : 18 - Faceoff Wins : 39 - Blocked Shots : 10 - Penalty Minutes : 12
Montreal Canadiens - Hits : 19 - Faceoff Wins : 25 - Blocked Shots : 7 - Penalty Minutes : 6
Official
Referees : Cody Beach and Justin St. Pierre
Linesman : Jonathan Deschamps and Trent Knorr
Game Notes
Ryan Lindgren is injured at 18:40 of 3rd period (Bruised Right Foot)
Finance
Level 1 -- Attendance: 6000 (100.00%) -- Ticket Income $558,000
Level 2 -- Attendance: 4374 (87.48%) -- Ticket Income $231,822
Level 3 -- Attendance: 2639 (87.97%) -- Ticket Income $84,448
Level 4 -- Attendance: 5000 (100.00%) -- Ticket Income $110,000
Luxury Box -- Attendance: 858 (85.80%) -- Ticket Income $167,310
Game was played at the Bell Centre.
Total Attendance: 18871 (94.36%)
Total Ticket Income: $1,151,580
Other Income: $403,053
Total Income: $1,554,633
Boston Bruins
5 vs 5 Forward
Center Left Wing Right Wing Time % Phy DF OF
1 Vincent Trocheck Alex Newhook Ryan Strome 30 1 2 2
2 Andrew Copp Evander Kane Joel Farabee 30 1 2 2
3 Matthew Beniers Anders Lee Morgan Geekie 25 1 2 2
4 Eetu Luostarinen Angus Crookshank John-Jason Peterka 15 1 2 2
5 vs 5 Defense
Defense Defense Time % Phy DF OF
1 Torey Krug Ryan Lindgren 30 1 2 2
2 Connor Clifton Ty Emberson 30 1 2 2
3 Yegor Zamula John Ludvig 25 1 2 2
4 Torey Krug Ryan Lindgren 15 1 2 2
PowerPlay Forward
Center Left Wing Right Wing Time % Phy DF OF
1 Vincent Trocheck Alex Newhook Ryan Strome 50 1 2 2
2 Andrew Copp Evander Kane Joel Farabee 50 1 2 2
PowerPlay Defense
Defense Defense Time % Phy DF OF
1 Torey Krug Ryan Lindgren 50 1 2 2
2 Connor Clifton Ty Emberson 50 1 2 2
Penalty Kill 4 Players Forward
Center Wing Time % Phy DF OF
1 Vincent Trocheck Andrew Copp 50 1 2 2
2 Ryan Strome Joel Farabee 50 1 2 2
Penalty Kill 4 Players Defense
Defense Defense Time % Phy DF OF
1 Torey Krug Ryan Lindgren 50 1 2 2
2 Connor Clifton Ty Emberson 50 1 2 2
Penalty Kill - 3 Players Forward
Forward Time % Phy DF OF
1 Vincent Trocheck 50 1 2 2
2 Ryan Strome 50 1 2 2
Penalty Kill - 3 Players Defense
Defense Defense Time % Phy DF OF
1 Torey Krug Ryan Lindgren 50 1 2 2
2 Connor Clifton Ty Emberson 50 1 2 2
4 vs 4 Forward
Center Wing Time % Phy DF OF
1 Vincent Trocheck Anders Lee 50 1 2 2
2 Ryan Strome Joel Farabee 50 1 2 2
4 vs 4 Defense
Defense Defense Time % Phy DF OF
1 Torey Krug Ryan Lindgren 50 1 2 2
2 Connor Clifton Ty Emberson 50 1 2 2
Last Minutes Offensive
Center Left Wing Right Wing Defense Defense
Vincent Trocheck Alex Newhook Ryan Strome Torey Krug Ryan Lindgren
Last Minutes Defensive
Center Left Wing Right Wing Defense Defense
Vincent Trocheck Alex Newhook Ryan Strome Torey Krug Ryan Lindgren
Goaltenders
Starting : Petr Mrazek
Backup : Pyotr Kochetkov
Extra Forwards
Normal : Matthew Beniers, Anders Lee, Morgan Geekie - PP : Matthew Beniers, Anders Lee - PK : Morgan Geekie
Extra Defensemen
Normal : Torey Krug, John Ludvig, Connor Clifton - PP : Ryan Lindgren - PK : John Ludvig, Connor Clifton
Penalty Shots
Vincent Trocheck, Matthew Beniers, Ryan Strome, Joel Farabee, Andrew Copp
Scratches
Anthony Beauvillier (Healthy), Drew O'Connor (Healthy), Alex Vlasic (Sprained Right Finger Injury), Beck Malenstyn (Healthy), Viktor Arvidsson (Sprained Left Knee Injury)
Montreal Canadiens
5 vs 5 Forward
Center Left Wing Right Wing Time % Phy DF OF
1 Dylan Larkin Juraj Slafkovsky Vladimir Tarasenko 35 0 1 4
2 Teddy Blueger Patrik Laine Martin Necas 35 0 1 4
3 Ryan Poehling Evgeni Dadonov Jake Evans 20 0 2 3
4 Ethen Frank Andreas Athanasiou Alex Iafallo 10 0 2 3
5 vs 5 Defense
Defense Defense Time % Phy DF OF
1 Adam Fox Brady Skjei 35 0 3 2
2 Damon Severson Justin Faulk 30 0 3 2
3 Ilya Lyubushkin Jack Johnson 20 0 5 0
4 Adam Fox Brady Skjei 15 0 3 2
PowerPlay Forward
Center Left Wing Right Wing Time % Phy DF OF
1 Dylan Larkin Juraj Slafkovsky Martin Necas 50 0 0 5
2 Teddy Blueger Vladimir Tarasenko Patrik Laine 50 0 0 5
PowerPlay Defense
Defense Defense Time % Phy DF OF
1 Justin Faulk Adam Fox 50 0 0 5
2 Brady Skjei Damon Severson 50 0 0 5
Penalty Kill 4 Players Forward
Center Wing Time % Phy DF OF
1 Jake Evans Teddy Blueger 50 0 5 0
2 Ryan Poehling Alex Iafallo 50 0 5 0
Penalty Kill 4 Players Defense
Defense Defense Time % Phy DF OF
1 Adam Fox Brady Skjei 50 0 5 0
2 Damon Severson Justin Faulk 50 0 5 0
Penalty Kill - 3 Players Forward
Forward Time % Phy DF OF
1 Jake Evans 50 0 5 0
2 Teddy Blueger 50 0 5 0
Penalty Kill - 3 Players Defense
Defense Defense Time % Phy DF OF
1 Adam Fox Brady Skjei 50 0 5 0
2 Damon Severson Justin Faulk 50 0 5 0
4 vs 4 Forward
Center Wing Time % Phy DF OF
1 Dylan Larkin Martin Necas 50 1 2 2
2 Ryan Poehling Vladimir Tarasenko 50 1 2 2
4 vs 4 Defense
Defense Defense Time % Phy DF OF
1 Justin Faulk Adam Fox 50 1 3 1
2 Brady Skjei Damon Severson 50 1 3 1
Last Minutes Offensive
Center Left Wing Right Wing Defense Defense
Dylan Larkin Juraj Slafkovsky Martin Necas Adam Fox Brady Skjei
Last Minutes Defensive
Center Left Wing Right Wing Defense Defense
Dylan Larkin Teddy Blueger Jake Evans Adam Fox Brady Skjei
Goaltenders
Starting : Calle Clang
Backup : Alexei Kolosov
Extra Forwards
Normal : Dylan Larkin, Juraj Slafkovsky, Martin Necas - PP : Dylan Larkin, Juraj Slafkovsky - PK : Teddy Blueger
Extra Defensemen
Normal : Brady Skjei, Justin Faulk, Adam Fox - PP : Adam Fox - PK : Justin Faulk, Brady Skjei
Penalty Shots
Dylan Larkin, Vladimir Tarasenko, Martin Necas, Juraj Slafkovsky, Andreas Athanasiou
Scratches
David Rittich (Bruised Left Leg Injury)
% Time on Ice - Boston Bruins
Lines # - Real PCT - Wanted PCT - Time Play
Normal Forward
1 - 29% - 30% - 12:37
2 - 29% - 30% - 12:50
3 - 25% - 25% - 10:52
4 - 17% - 15% - 7:31
Normal Defense
1 - 30% - 30% - 13:18
2 - 30% - 30% - 13:01
3 - 30% - 25% - 12:56
4 - 10% - 15% - 4:35
PP Forward
1 - 51% - 50% - 3:01
2 - 49% - 50% - 2:56
PP Defense
1 - 48% - 50% - 2:53
2 - 52% - 50% - 3:04
PK Forward
1 - 47% - 50% - 4:51
2 - 53% - 50% - 5:22
PK Defense
1 - 49% - 50% - 4:59
2 - 51% - 50% - 5:14
PK3 Forward
1 - 0% - 50%
2 - 0% - 50%
PK3 Defense
1 - 0% - 50%
2 - 0% - 50%
44 Forward
1 - 0% - 50%
2 - 0% - 50%
44 Defense
1 - 0% - 50%
2 - 0% - 50%
Last Minute Offensive - 0:00
Last Minute Defensive - 0:00
Total
Forward - 60:00
Defense - 60:00
|
% Time on Ice - Montreal Canadiens
Lines # - Real PCT - Wanted PCT - Time Play
Normal Forward
1 - 34% - 35% - 14:48
2 - 31% - 35% - 13:35
3 - 21% - 20% - 9:03
4 - 15% - 10% - 6:24
Normal Defense
1 - 34% - 35% - 14:53
2 - 31% - 30% - 13:47
3 - 26% - 20% - 11:12
4 - 9% - 15% - 3:58
PP Forward
1 - 52% - 50% - 5:17
2 - 48% - 50% - 4:56
PP Defense
1 - 49% - 50% - 5:01
2 - 51% - 50% - 5:12
PK Forward
1 - 50% - 50% - 3:00
2 - 50% - 50% - 2:57
PK Defense
1 - 61% - 50% - 3:38
2 - 39% - 50% - 2:19
PK3 Forward
1 - 0% - 50%
2 - 0% - 50%
PK3 Defense
1 - 0% - 50%
2 - 0% - 50%
44 Forward
1 - 0% - 50%
2 - 0% - 50%
44 Defense
1 - 0% - 50%
2 - 0% - 50%
Last Minute Offensive - 0:00
Last Minute Defensive - 0:00
Total
Forward - 60:00
Defense - 60:00
|
Play-by-Play
1st period
0:01 of 1st period - Dylan Larkin wins face-off versus Vincent Trocheck in neutral zone.
0:08 of 1st period - Torey Krug is hit by Juraj Slafkovsky and loses puck.
0:49 of 1st period - Slapshot by Evgeni Dadonov.
0:49 of 1st period - Stopped by Petr Mrazek with a rebound.
1:04 of 1st period - Icing by Anders Lee.
1:05 of 1st period - Matthew Beniers wins face-off versus Ethen Frank in Boston Bruins zone.
1:05 of 1st period - Matthew Beniers is hit by Alex Iafallo.
1:13 of 1st period - Snap shot by Anders Lee.
1:13 of 1st period - Shot Misses the Net.
1:31 of 1st period - Andrew Copp is hit by Teddy Blueger and loses puck.
1:40 of 1st period - Backhand shot by Patrik Laine.
1:40 of 1st period - Stopped by Petr Mrazek without a rebound.
1:41 of 1st period - Vincent Trocheck wins face-off versus Dylan Larkin in Boston Bruins zone.
1:54 of 1st period - Wrist shot by Alex Newhook.
1:54 of 1st period - Stopped by Calle Clang without a rebound.
1:55 of 1st period - Teddy Blueger wins face-off versus Matthew Beniers in Montreal Canadiens zone.
3:04 of 1st period - Ethen Frank is hit by Angus Crookshank and loses puck.
3:39 of 1st period - Minor Penalty to Anders Lee for Delaying the game.
3:40 of 1st period - Dylan Larkin wins face-off versus Vincent Trocheck in Boston Bruins zone.
3:57 of 1st period - Snap shot by Martin Necas.
3:57 of 1st period - Goal by Martin Necas - Boston Bruins : 0 - Montreal Canadiens : 1.
3:58 of 1st period - Alex Newhook wins face-off versus Dylan Larkin in neutral zone.
4:42 of 1st period - Minor Penalty to Eetu Luostarinen for Holding.
4:43 of 1st period - Teddy Blueger wins face-off versus Ryan Strome in Boston Bruins zone.
4:58 of 1st period - Wrist shot by Vladimir Tarasenko.
4:58 of 1st period - Stopped by Petr Mrazek without a rebound.
4:59 of 1st period - Vincent Trocheck wins face-off versus Dylan Larkin in Boston Bruins zone.
5:14 of 1st period - Snap shot by Martin Necas.
5:14 of 1st period - Deflect By Andrew Copp.
5:14 of 1st period - Shot Misses the Net.
5:14 of 1st period - Puck is out of play.
5:15 of 1st period - Teddy Blueger wins face-off versus Ryan Strome in Boston Bruins zone.
6:42 of 1st period - Penalty to Eetu Luostarinen is over, Eetu Luostarinen is back on ice.
7:00 of 1st period - Snap shot by Matthew Beniers.
7:00 of 1st period - Stopped by Calle Clang with a rebound.
7:16 of 1st period - Eetu Luostarinen is hit by Andreas Athanasiou.
7:32 of 1st period - Snap shot by Vincent Trocheck.
7:32 of 1st period - Stopped by Calle Clang with a rebound.
7:51 of 1st period - Icing by Yegor Zamula.
7:52 of 1st period - Vincent Trocheck wins face-off versus Ryan Poehling in Boston Bruins zone.
8:07 of 1st period - Jack Johnson is hit by Vincent Trocheck and loses puck.
8:30 of 1st period - Snap shot by Dylan Larkin.
8:30 of 1st period - Stopped by Petr Mrazek with a rebound.
9:04 of 1st period - Eetu Luostarinen is hit by Brady Skjei and loses puck.
9:23 of 1st period - Slapshot by Vladimir Tarasenko.
9:23 of 1st period - Shot Misses the Net.
9:25 of 1st period - Slapshot by Juraj Slafkovsky.
9:25 of 1st period - Stopped by Petr Mrazek without a rebound.
9:26 of 1st period - Dylan Larkin wins face-off versus Andrew Copp in Boston Bruins zone.
9:29 of 1st period - Slapshot by Vladimir Tarasenko.
9:29 of 1st period - Stopped by Petr Mrazek without a rebound.
9:30 of 1st period - Teddy Blueger wins face-off versus Andrew Copp in Boston Bruins zone.
9:41 of 1st period - Snap shot by Joel Farabee.
9:41 of 1st period - Stopped by Calle Clang without a rebound.
9:42 of 1st period - Dylan Larkin wins face-off versus Vincent Trocheck in Montreal Canadiens zone.
9:44 of 1st period - Icing by Vladimir Tarasenko.
9:45 of 1st period - Vincent Trocheck wins face-off versus Dylan Larkin in Montreal Canadiens zone.
9:46 of 1st period - Wrist shot by Alex Newhook.
9:46 of 1st period - Shot Misses the Net.
10:43 of 1st period - Slapshot by Martin Necas.
10:43 of 1st period - Shot Blocked by Ryan Lindgren.
10:45 of 1st period - Slapshot by Brady Skjei.
10:45 of 1st period - Shot Blocked by Ryan Lindgren.
10:47 of 1st period - Slapshot by Brady Skjei.
10:47 of 1st period - Stopped by Petr Mrazek without a rebound.
10:48 of 1st period - Dylan Larkin wins face-off versus Vincent Trocheck in Boston Bruins zone.
10:49 of 1st period - Snap shot by Juraj Slafkovsky.
10:49 of 1st period - Shot Blocked by John Ludvig.
10:51 of 1st period - Slapshot by Damon Severson.
10:51 of 1st period - Shot Blocked by John Ludvig.
10:53 of 1st period - Slapshot by Damon Severson.
10:53 of 1st period - Stopped by Petr Mrazek with a rebound.
10:55 of 1st period - Slapshot by Justin Faulk.
10:55 of 1st period - Stopped by Petr Mrazek without a rebound.
10:56 of 1st period - Dylan Larkin wins face-off versus Vincent Trocheck in Boston Bruins zone.
11:05 of 1st period - Slapshot by Dylan Larkin.
11:05 of 1st period - Shot Blocked by John Ludvig.
11:07 of 1st period - Slapshot by Damon Severson.
11:07 of 1st period - Deflect By Vladimir Tarasenko.
11:07 of 1st period - Stopped by Petr Mrazek with a rebound.
11:09 of 1st period - Wrist shot by Vladimir Tarasenko.
11:09 of 1st period - Deflect By Dylan Larkin.
11:09 of 1st period - Shot Misses the Net.
11:09 of 1st period - Puck is out of play.
11:10 of 1st period - Andrew Copp wins face-off versus Teddy Blueger in Boston Bruins zone.
11:15 of 1st period - Teddy Blueger is hit by Andrew Copp and loses puck.
11:24 of 1st period - Snap shot by Andrew Copp.
11:24 of 1st period - Shot Misses the Net.
11:26 of 1st period - Snap shot by Andrew Copp.
11:26 of 1st period - Shot Blocked by Teddy Blueger.
12:04 of 1st period - Slapshot by Alex Newhook.
12:04 of 1st period - Stopped by Calle Clang with a rebound.
12:08 of 1st period - Wrist shot by Vincent Trocheck.
12:08 of 1st period - Stopped by Calle Clang without a rebound.
12:09 of 1st period - Teddy Blueger wins face-off versus Andrew Copp in Montreal Canadiens zone.
12:14 of 1st period - Snap shot by Patrik Laine.
12:14 of 1st period - Shot Misses the Net.
12:30 of 1st period - Minor Penalty to Evander Kane for Slashing.
12:31 of 1st period - Ryan Strome wins face-off versus Teddy Blueger in Boston Bruins zone.
12:39 of 1st period - Off-side.
12:40 of 1st period - Ryan Strome wins face-off versus Teddy Blueger in neutral zone.
12:47 of 1st period - Wrist shot by Vladimir Tarasenko.
12:47 of 1st period - Stopped by Petr Mrazek with a rebound.
12:59 of 1st period - Snap shot by Ryan Strome.
12:59 of 1st period - Stopped by Calle Clang without a rebound.
13:00 of 1st period - Dylan Larkin wins face-off versus Vincent Trocheck in Montreal Canadiens zone.
13:00 of 1st period - Dylan Larkin is hit by Connor Clifton.
14:30 of 1st period - Penalty to Evander Kane is over, Evander Kane is back on ice.
14:41 of 1st period - Snap shot by Ryan Strome.
14:41 of 1st period - Goal by Ryan Strome - Boston Bruins : 1 - Montreal Canadiens : 1.
14:42 of 1st period - Matthew Beniers wins face-off versus Juraj Slafkovsky in neutral zone.
14:46 of 1st period - Minor Penalty to Brady Skjei for High sticking.
14:47 of 1st period - Jake Evans wins face-off versus Alex Newhook in Montreal Canadiens zone.
15:19 of 1st period - Snap shot by Teddy Blueger.
15:19 of 1st period - Stopped by Petr Mrazek with a rebound.
16:46 of 1st period - Penalty to Brady Skjei is over, Brady Skjei is back on ice.
17:17 of 1st period - Snap shot by Morgan Geekie.
17:17 of 1st period - Stopped by Calle Clang with a rebound.
18:02 of 1st period - Icing by Alex Iafallo.
18:03 of 1st period - Andrew Copp wins face-off versus Andreas Athanasiou in Montreal Canadiens zone.
18:09 of 1st period - Minor Penalty to Ilya Lyubushkin for Hooking.
18:10 of 1st period - Andrew Copp wins face-off versus Ryan Poehling in Montreal Canadiens zone.
Goals for this period are 1 for Boston Bruins vs 1 for Montreal Canadiens.
Shots for this period are 9 for Boston Bruins vs 13 for Montreal Canadiens.
2nd period
0:01 of 2nd period - Teddy Blueger wins face-off versus Andrew Copp in neutral zone.
0:04 of 2nd period - Andrew Copp is hit by Jake Evans and loses puck.
0:09 of 2nd period - Penalty to Ilya Lyubushkin is over, Ilya Lyubushkin is back on ice.
0:09 of 2nd period - Wrist shot by Jake Evans.
0:09 of 2nd period - Stopped by Petr Mrazek without a rebound.
0:10 of 2nd period - Andrew Copp wins face-off versus Jake Evans in Boston Bruins zone.
0:10 of 2nd period - Andrew Copp is hit by Ilya Lyubushkin.
1:01 of 2nd period - Snap shot by Jake Evans.
1:01 of 2nd period - Stopped by Petr Mrazek without a rebound.
1:02 of 2nd period - Ryan Strome wins face-off versus Dylan Larkin in Boston Bruins zone.
1:17 of 2nd period - Wrist shot by Vladimir Tarasenko.
1:17 of 2nd period - Shot Misses the Net.
1:19 of 2nd period - Slapshot by Vladimir Tarasenko.
1:19 of 2nd period - Shot Misses the Net.
1:29 of 2nd period - Alex Iafallo is hit by Matthew Beniers and loses puck.
1:40 of 2nd period - Wrist shot by Morgan Geekie.
1:40 of 2nd period - Shot Misses the Net.
1:42 of 2nd period - Slapshot by Matthew Beniers.
1:42 of 2nd period - Shot Blocked by Brady Skjei.
2:08 of 2nd period - Snap shot by Vincent Trocheck.
2:08 of 2nd period - Deflect By Ryan Strome.
2:08 of 2nd period - Shot Misses the Net.
2:08 of 2nd period - Puck is out of play.
2:09 of 2nd period - Vincent Trocheck wins face-off versus Evgeni Dadonov in Montreal Canadiens zone.
2:58 of 2nd period - Snap shot by Joel Farabee.
2:58 of 2nd period - Stopped by Calle Clang without a rebound.
2:59 of 2nd period - Andrew Copp wins face-off versus Teddy Blueger in Montreal Canadiens zone.
3:04 of 2nd period - Snap shot by Joel Farabee.
3:04 of 2nd period - Shot Blocked by Jack Johnson.
3:06 of 2nd period - Snap shot by Joel Farabee.
3:06 of 2nd period - Stopped by Calle Clang with a rebound.
3:18 of 2nd period - Wrist shot by Martin Necas.
3:18 of 2nd period - Stopped by Petr Mrazek without a rebound.
3:19 of 2nd period - Dylan Larkin wins face-off versus Vincent Trocheck in Boston Bruins zone.
3:28 of 2nd period - Slapshot by Juraj Slafkovsky.
3:28 of 2nd period - Shot Misses the Net.
3:46 of 2nd period - Anders Lee is hit by Brady Skjei.
4:58 of 2nd period - Snap shot by Dylan Larkin.
4:58 of 2nd period - Stopped by Petr Mrazek with a rebound.
5:41 of 2nd period - Snap shot by Evgeni Dadonov.
5:41 of 2nd period - Stopped by Petr Mrazek without a rebound.
5:42 of 2nd period - Vincent Trocheck wins face-off versus Ryan Poehling in Boston Bruins zone.
6:13 of 2nd period - Wrist shot by Evgeni Dadonov.
6:13 of 2nd period - Stopped by Petr Mrazek with a rebound.
6:25 of 2nd period - Wrist shot by Alex Newhook.
6:25 of 2nd period - Stopped by Calle Clang with a rebound.
6:27 of 2nd period - Snap shot by Vincent Trocheck.
6:27 of 2nd period - Shot Misses the Net.
6:29 of 2nd period - Snap shot by Ryan Strome.
6:29 of 2nd period - Stopped by Calle Clang with a rebound.
6:31 of 2nd period - Slapshot by Yegor Zamula.
6:31 of 2nd period - Shot Blocked by Damon Severson.
6:33 of 2nd period - Snap shot by Alex Newhook.
6:33 of 2nd period - Stopped by Calle Clang with a rebound.
6:35 of 2nd period - Snap shot by John Ludvig.
6:35 of 2nd period - Shot Misses the Net.
6:37 of 2nd period - Snap shot by Yegor Zamula.
6:37 of 2nd period - Stopped by Calle Clang without a rebound.
6:38 of 2nd period - Teddy Blueger wins face-off versus Andrew Copp in Montreal Canadiens zone.
6:43 of 2nd period - Wrist shot by Adam Fox.
6:43 of 2nd period - Deflect By Joel Farabee.
6:43 of 2nd period - Stopped by Petr Mrazek with a rebound.
6:45 of 2nd period - Wrist shot by Martin Necas.
6:45 of 2nd period - Shot Blocked by Ty Emberson.
6:47 of 2nd period - Slapshot by Brady Skjei.
6:47 of 2nd period - Shot Blocked by Ty Emberson.
6:49 of 2nd period - Slapshot by Brady Skjei.
6:49 of 2nd period - Deflect By Patrik Laine.
6:49 of 2nd period - Stopped by Petr Mrazek with a rebound.
6:51 of 2nd period - Slapshot by Adam Fox.
6:51 of 2nd period - Shot Misses the Net.
6:53 of 2nd period - Backhand shot by Patrik Laine.
6:53 of 2nd period - Shot Misses the Net.
7:37 of 2nd period - Wrist shot by Dylan Larkin.
7:37 of 2nd period - Shot Misses the Net.
7:39 of 2nd period - Slapshot by Damon Severson.
7:39 of 2nd period - Stopped by Petr Mrazek without a rebound.
7:40 of 2nd period - Andrew Copp wins face-off versus Teddy Blueger in Boston Bruins zone.
7:45 of 2nd period - Snap shot by Martin Necas.
7:45 of 2nd period - Shot Blocked by Evander Kane.
7:47 of 2nd period - Slapshot by Adam Fox.
7:47 of 2nd period - Shot Blocked by Andrew Copp.
7:49 of 2nd period - Snap shot by Adam Fox.
7:49 of 2nd period - Shot Misses the Net.
7:51 of 2nd period - Slapshot by Adam Fox.
7:51 of 2nd period - Stopped by Petr Mrazek with a rebound.
7:53 of 2nd period - Wrist shot by Teddy Blueger.
7:53 of 2nd period - Stopped by Petr Mrazek without a rebound.
7:54 of 2nd period - Vincent Trocheck wins face-off versus Teddy Blueger in Boston Bruins zone.
8:43 of 2nd period - Slapshot by Vladimir Tarasenko.
8:43 of 2nd period - Shot Misses the Net.
8:45 of 2nd period - Slapshot by Brady Skjei.
8:45 of 2nd period - Stopped by Petr Mrazek with a rebound.
8:47 of 2nd period - Backhand shot by Juraj Slafkovsky.
8:47 of 2nd period - Shot Misses the Net.
8:49 of 2nd period - Slapshot by Adam Fox.
8:49 of 2nd period - Stopped by Petr Mrazek without a rebound.
8:50 of 2nd period - Vincent Trocheck wins face-off versus Teddy Blueger in Boston Bruins zone.
9:26 of 2nd period - Minor Penalty to Joel Farabee for Tripping.
9:27 of 2nd period - Dylan Larkin wins face-off versus Vincent Trocheck in Boston Bruins zone.
9:41 of 2nd period - Wrist shot by Martin Necas.
9:41 of 2nd period - Shot Misses the Net.
11:26 of 2nd period - Penalty to Joel Farabee is over, Joel Farabee is back on ice.
11:44 of 2nd period - Wrist shot by Morgan Geekie.
11:44 of 2nd period - Shot Misses the Net.
12:00 of 2nd period - Snap shot by Ryan Strome.
12:00 of 2nd period - Shot Misses the Net.
12:10 of 2nd period - Snap shot by John-Jason Peterka.
12:10 of 2nd period - Shot Misses the Net.
12:12 of 2nd period - Slapshot by Angus Crookshank.
12:12 of 2nd period - Shot Misses the Net.
13:27 of 2nd period - Evgeni Dadonov is hit by Andrew Copp and loses puck.
13:51 of 2nd period - Evgeni Dadonov is hit by Ryan Strome and loses puck.
14:36 of 2nd period - Alex Iafallo is hit by Ryan Strome and loses puck.
14:47 of 2nd period - Anders Lee is hit by Jack Johnson.
15:02 of 2nd period - Slapshot by Dylan Larkin.
15:02 of 2nd period - Shot Misses the Net.
15:04 of 2nd period - Slapshot by Jack Johnson.
15:04 of 2nd period - Stopped by Petr Mrazek with a rebound.
15:32 of 2nd period - Wrist shot by Alex Iafallo.
15:32 of 2nd period - Stopped by Petr Mrazek with a rebound.
15:34 of 2nd period - Slapshot by Brady Skjei.
15:34 of 2nd period - Shot Misses the Net.
16:07 of 2nd period - Wrist shot by Andrew Copp.
16:07 of 2nd period - Stopped by Calle Clang without a rebound.
16:08 of 2nd period - Andrew Copp wins face-off versus Ryan Poehling in Montreal Canadiens zone.
16:09 of 2nd period - Snap shot by Joel Farabee.
16:09 of 2nd period - Shot Misses the Net.
16:11 of 2nd period - Slapshot by Connor Clifton.
16:11 of 2nd period - Stopped by Calle Clang without a rebound.
16:12 of 2nd period - Matthew Beniers wins face-off versus Teddy Blueger in Montreal Canadiens zone.
16:13 of 2nd period - Wrist shot by Morgan Geekie.
16:13 of 2nd period - Stopped by Calle Clang with a rebound.
16:15 of 2nd period - Slapshot by Anders Lee.
16:15 of 2nd period - Shot Misses the Net.
16:17 of 2nd period - Slapshot by Connor Clifton.
16:17 of 2nd period - Shot Misses the Net.
16:19 of 2nd period - Wrist shot by Morgan Geekie.
16:19 of 2nd period - Deflect By Anders Lee.
16:19 of 2nd period - Stopped by Calle Clang without a rebound.
16:20 of 2nd period - Matthew Beniers wins face-off versus Teddy Blueger in Montreal Canadiens zone.
17:03 of 2nd period - Slapshot by Martin Necas.
17:03 of 2nd period - Deflect By Patrik Laine.
17:03 of 2nd period - Stopped by Petr Mrazek without a rebound.
17:04 of 2nd period - Dylan Larkin wins face-off versus Vincent Trocheck in Boston Bruins zone.
17:53 of 2nd period - Slapshot by Ryan Lindgren.
17:53 of 2nd period - Stopped by Calle Clang with a rebound.
18:36 of 2nd period - Icing by Evander Kane.
18:37 of 2nd period - Teddy Blueger wins face-off versus Andrew Copp in Boston Bruins zone.
18:40 of 2nd period - Wrist shot by Martin Necas.
18:40 of 2nd period - Stopped by Petr Mrazek without a rebound.
18:41 of 2nd period - Vincent Trocheck wins face-off versus Teddy Blueger in Boston Bruins zone.
18:49 of 2nd period - Off-side.
18:50 of 2nd period - Vincent Trocheck wins face-off versus Teddy Blueger in neutral zone.
18:53 of 2nd period - Backhand shot by Vincent Trocheck.
18:53 of 2nd period - Goal by Vincent Trocheck - Boston Bruins : 2 - Montreal Canadiens : 1.
18:54 of 2nd period - Vincent Trocheck wins face-off versus Dylan Larkin in neutral zone.
18:59 of 2nd period - Snap shot by Alex Newhook.
18:59 of 2nd period - Deflect By Juraj Slafkovsky.
18:59 of 2nd period - Stopped by Calle Clang with a rebound.
19:01 of 2nd period - Snap shot by Ryan Lindgren.
19:01 of 2nd period - Shot Blocked by Brady Skjei.
19:26 of 2nd period - Slapshot by Martin Necas.
19:26 of 2nd period - Stopped by Petr Mrazek without a rebound.
19:27 of 2nd period - Andrew Copp wins face-off versus Teddy Blueger in Boston Bruins zone.
19:34 of 2nd period - Martin Necas is hit by Evander Kane and loses puck.
19:53 of 2nd period - Justin Faulk is hit by Andrew Copp and loses puck.
Goals for this period are 1 for Boston Bruins vs 0 for Montreal Canadiens.
Shots for this period are 13 for Boston Bruins vs 18 for Montreal Canadiens.
3rd period
0:01 of 3rd period - Vincent Trocheck wins face-off versus Dylan Larkin in neutral zone.
0:03 of 3rd period - Off-side.
0:04 of 3rd period - Vincent Trocheck wins face-off versus Vladimir Tarasenko in neutral zone.
0:32 of 3rd period - Ryan Strome is hit by Juraj Slafkovsky and loses puck.
1:56 of 3rd period - Off-side.
1:57 of 3rd period - Matthew Beniers wins face-off versus Teddy Blueger in neutral zone.
2:31 of 3rd period - Andrew Copp is hit by Jake Evans and loses puck.
2:48 of 3rd period - Snap shot by John-Jason Peterka.
2:48 of 3rd period - Stopped by Calle Clang with a rebound.
2:56 of 3rd period - Alex Iafallo is hit by Angus Crookshank and loses puck.
3:09 of 3rd period - Wrist shot by Martin Necas.
3:09 of 3rd period - Stopped by Petr Mrazek with a rebound.
3:11 of 3rd period - Slapshot by Teddy Blueger.
3:11 of 3rd period - Deflect By Martin Necas.
3:11 of 3rd period - Stopped by Petr Mrazek with a rebound.
3:19 of 3rd period - Wrist shot by Patrik Laine.
3:19 of 3rd period - Stopped by Petr Mrazek with a rebound.
3:33 of 3rd period - Snap shot by Evander Kane.
3:33 of 3rd period - Stopped by Calle Clang without a rebound.
3:34 of 3rd period - Andrew Copp wins face-off versus Ryan Poehling in Montreal Canadiens zone.
3:37 of 3rd period - Wrist shot by Joel Farabee.
3:37 of 3rd period - Stopped by Calle Clang without a rebound.
3:38 of 3rd period - Morgan Geekie wins face-off versus Ryan Poehling in Montreal Canadiens zone.
3:49 of 3rd period - John Ludvig is hit by Jake Evans and loses puck.
4:16 of 3rd period - Teddy Blueger is hit by Evander Kane and loses puck.
4:29 of 3rd period - Wrist shot by Torey Krug.
4:29 of 3rd period - Deflect By Patrik Laine.
4:29 of 3rd period - Stopped by Calle Clang with a rebound.
4:31 of 3rd period - Snap shot by Torey Krug.
4:31 of 3rd period - Stopped by Calle Clang without a rebound.
4:32 of 3rd period - John-Jason Peterka wins face-off versus Dylan Larkin in Montreal Canadiens zone.
4:37 of 3rd period - Slapshot by John-Jason Peterka.
4:37 of 3rd period - Shot Misses the Net.
4:59 of 3rd period - Ryan Lindgren is hit by Adam Fox and loses puck.
5:06 of 3rd period - Slapshot by Adam Fox.
5:06 of 3rd period - Deflect By Jake Evans.
5:06 of 3rd period - Shot Misses the Net.
5:06 of 3rd period - Puck is out of play.
5:07 of 3rd period - Teddy Blueger wins face-off versus Matthew Beniers in Boston Bruins zone.
5:10 of 3rd period - Snap shot by Teddy Blueger.
5:10 of 3rd period - Stopped by Petr Mrazek with a rebound.
5:38 of 3rd period - Minor Penalty to John Ludvig for Tripping.
5:39 of 3rd period - Vincent Trocheck wins face-off versus Dylan Larkin in Boston Bruins zone.
6:14 of 3rd period - Slapshot by Adam Fox.
6:14 of 3rd period - Stopped by Petr Mrazek without a rebound.
6:15 of 3rd period - Teddy Blueger wins face-off versus Vincent Trocheck in Boston Bruins zone.
7:38 of 3rd period - Penalty to John Ludvig is over, John Ludvig is back on ice.
7:44 of 3rd period - Snap shot by John-Jason Peterka.
7:44 of 3rd period - Stopped by Calle Clang with a rebound.
8:04 of 3rd period - Snap shot by Matthew Beniers.
8:04 of 3rd period - Stopped by Calle Clang without a rebound.
8:05 of 3rd period - Ryan Poehling wins face-off versus Matthew Beniers in Montreal Canadiens zone.
8:05 of 3rd period - Ryan Poehling is hit by Torey Krug.
8:17 of 3rd period - Slapshot by Evgeni Dadonov.
8:17 of 3rd period - Stopped by Petr Mrazek with a rebound.
8:19 of 3rd period - Snap shot by Ryan Poehling.
8:19 of 3rd period - Shot Misses the Net.
9:02 of 3rd period - Snap shot by Alex Newhook.
9:02 of 3rd period - Stopped by Calle Clang with a rebound.
9:04 of 3rd period - Slapshot by Torey Krug.
9:04 of 3rd period - Deflect By Alex Newhook.
9:04 of 3rd period - Goal by Alex Newhook - Boston Bruins : 3 - Montreal Canadiens : 1.
9:05 of 3rd period - Andrew Copp wins face-off versus Teddy Blueger in neutral zone.
9:08 of 3rd period - Snap shot by Andrew Copp.
9:08 of 3rd period - Stopped by Calle Clang with a rebound.
9:10 of 3rd period - Snap shot by Ty Emberson.
9:10 of 3rd period - Shot Blocked by Brady Skjei.
9:42 of 3rd period - Wrist shot by Alex Newhook.
9:42 of 3rd period - Stopped by Calle Clang with a rebound.
10:41 of 3rd period - Wrist shot by Joel Farabee.
10:41 of 3rd period - Shot Misses the Net.
10:49 of 3rd period - Minor Penalty to Martin Necas for High sticking.
10:50 of 3rd period - Andrew Copp wins face-off versus Ryan Poehling in Montreal Canadiens zone.
10:55 of 3rd period - Slapshot by Joel Farabee.
10:55 of 3rd period - Stopped by Calle Clang without a rebound.
10:56 of 3rd period - Andrew Copp wins face-off versus Ryan Poehling in Montreal Canadiens zone.
11:05 of 3rd period - Wrist shot by Evander Kane.
11:05 of 3rd period - Deflect By Andrew Copp.
11:05 of 3rd period - Shot Blocked by Adam Fox.
11:05 of 3rd period - Puck is out of play.
11:06 of 3rd period - Vincent Trocheck wins face-off versus Jake Evans in Montreal Canadiens zone.
11:33 of 3rd period - Connor Clifton is hit by Justin Faulk and loses puck.
12:00 of 3rd period - Adam Fox is hit by Torey Krug.
12:49 of 3rd period - Penalty to Martin Necas is over, Martin Necas is back on ice.
12:50 of 3rd period - Icing by Jake Evans.
12:51 of 3rd period - Jake Evans wins face-off versus Matthew Beniers in Montreal Canadiens zone.
12:51 of 3rd period - Jake Evans is hit by Matthew Beniers.
12:58 of 3rd period - Adam Fox is hit by Yegor Zamula and loses puck.
13:25 of 3rd period - Snap shot by Eetu Luostarinen.
13:25 of 3rd period - Stopped by Calle Clang with a rebound.
13:31 of 3rd period - Yegor Zamula is hit by Adam Fox and loses puck.
13:41 of 3rd period - Off-side.
13:42 of 3rd period - Andrew Copp wins face-off versus Dylan Larkin in neutral zone.
14:12 of 3rd period - Justin Faulk is hit by Ryan Strome and loses puck.
14:31 of 3rd period - Ilya Lyubushkin is hit by Ryan Lindgren.
15:07 of 3rd period - Snap shot by Andrew Copp.
15:07 of 3rd period - Shot Misses the Net.
15:42 of 3rd period - John Ludvig is hit by Brady Skjei and loses puck.
17:12 of 3rd period - Matthew Beniers is hit by Alex Iafallo and loses puck.
17:51 of 3rd period - Minor Penalty to Evander Kane for Tripping.
17:52 of 3rd period - Teddy Blueger wins face-off versus Vincent Trocheck in Boston Bruins zone.
18:00 of 3rd period - Wrist shot by Vladimir Tarasenko.
18:00 of 3rd period - Stopped by Petr Mrazek with a rebound.
18:21 of 3rd period - Connor Clifton is hit by Juraj Slafkovsky and loses puck.
18:40 of 3rd period - Snap shot by Dylan Larkin.
18:40 of 3rd period - Shot Blocked by Ryan Lindgren.
18:40 of 3rd period - Ryan Lindgren from Boston Bruins is injured at 18:40 of 3rd period (Bruised Right Foot).
18:41 of 3rd period - Teddy Blueger wins face-off versus Vincent Trocheck in Boston Bruins zone.
19:29 of 3rd period - Ryan Strome is hit by Teddy Blueger.
19:51 of 3rd period - Penalty to Evander Kane is over, Evander Kane is back on ice.
Goals for this period are 1 for Boston Bruins vs 0 for Montreal Canadiens.
Shots for this period are 13 for Boston Bruins vs 7 for Montreal Canadiens.
Back to the Top